 Dungeon Crawl Stone Soup version 0.29-a0-334-gb41bcbb86e (webtiles) character file.

Game seed: 8602826128921834388

10941 bande the Cleaver (level 11, -3/69 HPs)
             Began as a Gargoyle Fighter on Apr 14, 2022.
             Was an Elder of Okawaru.
             Slain by a komodo dragon (7 damage)
             ... on level 1 of the Lair of Beasts.
             The game lasted 00:18:44 (10341 turns).

bande the Cleaver (Gargoyle Fighter)               Turns: 10341, Time: 00:18:45

Health: -3/69      AC: 28    Str: 20    XL:     11   Next: 70%
Magic:  0/15       EV:  6    Int: 15    God:    Okawaru [****..]
Gold:   641        SH:  5    Dex: 13    Spells: 10/10 levels left

rFire   + + .      SeeInvis .   a - +1 war axe (flame)
rCold   . . .      Faith    .   c - +0 buckler
rNeg    + . .      Spirit   +   B - +0 plate armour
rPois   ∞          Reflect  .   q - +1 helmet of the Snake Pit {rF+ Regen+}
rElec   +          Harm     .   x - +1 cloak
rCorr   .          Rampage  .   (no gloves)
Will    .....                   i - +1 pair of boots
Stlth   ..........              o - amulet of guardian spirit
HPRegen 1.01/turn               r - ring of protection from fire
MPRegen 0.14/turn               u - +6 ring of intelligence

@: no status effects
A: sickness immunity, AC +8, negative energy resistance 1, electricity
resistance, torment resistance 1, petrification resistance
a: Renounce Religion, Heroism, Finesse


You were on level 1 of the Lair of Beasts.
You worshipped Okawaru.
Okawaru was greatly pleased with you.
You visited 3 branches of the dungeon, and saw 12 of its levels.

You collected 921 gold pieces.
You spent 280 gold pieces at shops.

Inventory:

Hand Weapons
 a - a +1 war axe of flaming (weapon)
 D - a +3 war axe of freezing
Armour
 c - a +0 buckler (worn)
 i - a +1 pair of boots (worn)
 q - the +1 helmet of the Snake Pit (worn) {rF+ Regen+}
   (You took it off Robin on level 2 of the Dungeon)

   rF:        It protects you from fire.
   Regen:     It increases your rate of health regeneration.
 x - a +1 cloak (worn)
 B - a +0 plate armour (worn)
Jewellery
 k - a +6 ring of intelligence
 o - an amulet of guardian spirit (around neck)
 r - a ring of protection from fire (left hand)
 u - a +6 ring of intelligence (right hand)
 y - an amulet of the acrobat
 A - a ring of positive energy
Wands
 m - a wand of iceblast (27)
 p - a wand of digging (7)
 s - a wand of acid (8)
Scrolls
 l - a scroll of enchant weapon
 n - 7 scrolls of blinking
 t - 4 scrolls of identify
 v - a scroll of magic mapping
 w - 2 scrolls of fog
 z - 4 scrolls of teleportation
 C - a scroll of holy word {unknown}
Potions
 b - 2 potions of berserk rage
 d - 2 potions of might
 e - 4 potions of brilliance
 f - 5 potions of curing
 g - 2 potions of resistance
 h - 5 potions of flight
 j - a potion of mutation


   Skills:
 + Level 8.3 Fighting
 + Level 11.0 Axes
 + Level 7.9 Armour
 + Level 6.1 Shields
 * Level 5.4 Invocations
 * Level 6.7 Evocations


You had 10 spell levels left.
You didn't know any spells.
Your spell library contained the following spells:

 Spells                   Type           Power      Damage    Failure   Level
 Slow                     Hex            0%         N/A       100%        1
 Static Discharge         Conj/Air       0%         N/A       100%        2
 Confusing Touch          Hex            0%         N/A       100%        3
 Ozocubu's Armour         Ice            0%         N/A       100%        3
 Vampiric Draining        Necr           0%         2d6       100%        3
 Dispel Undead            Necr           0%         3d6       100%        4
 Sticky Flame             Conj/Fire      0%         2d3       100%        4
 Yara's Violent Unravell  Hex/Tmut       0%         3d3       100%        5
 Enfeeble                 Hex            0%         N/A       100%        7
 Ozocubu's Refrigeration  Ice            0%         4d5       100%        7


Dungeon Overview and Level Annotations

Branches:
Dungeon (9/15)             Temple (1/1) D:7            Lair (2/6) D:9
  Swamp: Lair:2-4    Shoals: Lair:2-4     Snake: Lair:2-4    Spider: Lair:2-4
    Orc: D:9-12

Altars:
Ashenzari
Cheibriados
Dithmenos
Elyvilon
Fedhas
Gozag
Hepliaklqana
Kikubaaqudgha
Makhleb
Nemelex Xobeh
Okawaru
Qazlal
Ru
Sif Muna
Trog
Uskayaw
Vehumet
Wu Jian
Xom
Yredelemnul
Zin
The Shining One
Jiyva

Shops:
D:2 =   D:7 (?(?

Annotations:
Lair:1 exclusion: oklob plant


Innate Abilities, Weirdness & Mutations

You are immune to sickness and miasma.
Your stone body is resilient. (AC +8)
You are immune to poison.
You resist negative energy. (rN+)
You are resistant to electric shocks. (rElec)
You are resistant to unholy torment.
You are immune to petrification.


Message History

You are too injured to fight recklessly!
You are too injured to fight recklessly!
You are too injured to fight recklessly!
You are too injured to fight recklessly!
You are too injured to fight recklessly!
You miss the blink frog.
The blink frog is moderately wounded.
You hit the komodo dragon but do no damage.
The blink frog hits you but does no damage.
The komodo dragon bites you but does no damage.
You slash the blink frog! You burn the blink frog.
The blink frog is severely wounded.
You hit the komodo dragon but do no damage.
The blink frog hits you but does no damage.
The komodo dragon bites you!
You hit the blink frog. You burn the blink frog.
The blink frog is almost dead.
You hit the komodo dragon but do no damage.
You block the blink frog's attack. The blink frog hits you.
* * * LOW HITPOINT WARNING * * *
Unknown command.
You barely miss the blink frog.
The blink frog is almost dead.
You hit the komodo dragon. You burn the komodo dragon.
The komodo dragon bites you but does no damage.
The blink frog hits you!
* * * LOW HITPOINT WARNING * * *
You hit the blink frog but do no damage.
The blink frog is almost dead.
You slash the komodo dragon! You burn the komodo dragon.
The komodo dragon bites you but does no damage.
The blink frog blinks!
You hit the komodo dragon. You burn the komodo dragon.
The komodo dragon is severely wounded.
The blink frog blinks!
The komodo dragon bites you!
* * * LOW HITPOINT WARNING * * *
You hit the komodo dragon. You burn the komodo dragon.
The komodo dragon is severely wounded.
The komodo dragon bites you!
You die...

...................P#
##....
#..................##
#.....
#...................#
###...
#...................#
####
##...........F......#
#
#..................#
###.................#
# #................##
# ###P..........@.§#
######### #
####.......l...#
####........ #
###.........#
#...........
##.#.....##
#.....).....
######..#
#........... ##.#
#........... #.#
##.......... #.###
#.......... #...#
##.........


You could see a komodo dragon and a blink frog.

Vanquished Creatures
  Fannar (Lair:1)
  A hydra (Lair:1)
  Pikel (D:6)
  3 black mambas (Lair:1)
  Joseph (D:7)
  3 cane toads (Lair:1)
  A komodo dragon (Lair:1)
  11 yaks
  A vampire (D:9)
  A wyvern (D:8)
  A steam dragon (D:7)
  Edmund (D:5)
  Duvessa (D:7)
  2 water moccasins (Lair:1)
  3 orc warriors
  A sky beast (D:5)
  3 black bears
  An ice beast (D:6)
  4 wolves (Lair:1)
  2 ogres (D:6)
  4 centaurs
  A phantom (D:6)
  A kobold brigand (D:9)
  6 bullfrogs
  Blork the orc (D:6)
  2 necrophages (D:6)
  A scorpion (D:9)
  20 wights
  Dowan (D:7)
  3 killer bees (D:9)
  4 howler monkeys
  5 jellies
  2 hounds
  4 iguanas
  3 orc priests
  Crazy Yiuf (D:4)
  3 orc wizards
  Robin (D:2)
  5 adders
  5 worms
  3 dart slugs
  19 orcs
  7 endoplasms
  5 giant cockroaches
  12 goblins
  11 hobgoblins
  8 jackals
  10 kobolds
  5 quokkas
  9 ball pythons
  3 bats
  4 frilled lizards
  A rat (D:2)
  A spectral goblin (D:3)
214 creatures vanquished.

Vanquished Creatures (others)
  16 fungi
  15 plants
31 creatures vanquished.

Grand Total: 245 creatures vanquished

Notes
Turn   | Place    | Note
-------+----------+-------------------------------------------
     0 | D:1      | bande the Gargoyle Fighter began the quest for the Orb.
     0 | D:1      | Reached XP level 1. HP: 14/14 MP: 1/1
    22 | D:1      | You fall into a shaft and drop 1 floor!
   125 | D:1      | Reached skill level 2 in Axes
   125 | D:1      | Reached XP level 2. HP: 18/19 MP: 2/2
   690 | D:1      | Reached XP level 3. HP: 12/24 MP: 3/3
  1386 | D:2      | Reached XP level 4. HP: 23/29 MP: 4/4
  1721 | D:2      | Found Idwut's Jewellery Shop.
  1737 | D:2      | Identified the +1 helmet of the Snake Pit {rF+ Regen+}
  1737 | D:2      | Noticed Robin
  1755 | D:2      | Killed Robin
  2015 | D:3      | Reached skill level 3 in Axes
  2165 | D:3      | Found an ornate altar of the Wu Jian Council.
  2229 | D:3      | Reached XP level 5. HP: 33/33 MP: 5/5
  2259 | D:3      | Found a faded altar of an unknown god.
  2355 | D:3      | Found a shimmering blue altar of Sif Muna.
  2651 | D:4      | Reached skill level 1 in Evocations
  2671 | D:4      | Found a burning altar of Makhleb.
  2793 | D:4      | Found a shadowy altar of Dithmenos.
  3045 | D:4      | Found a hazy altar of Hepliaklqana.
  3045 | D:4      | Found a basalt altar of Yredelemnul.
  3076 | D:4      | Reached XP level 6. HP: 36/39 MP: 6/6
  3267 | D:4      | Reached skill level 4 in Axes
  3329 | D:4      | Found a runed translucent door.
  3330 | D:4      | Noticed Crazy Yiuf
  3505 | D:4      | Killed Crazy Yiuf
  3851 | D:5      | Entered Level 5 of the Dungeon
  3918 | D:5      | Noticed a sky beast
  3929 | D:5      | Killed a sky beast
  3978 | D:5      | Reached XP level 7. HP: 44/44 MP: 7/7
  4339 | D:5      | Found a snail-covered altar of Cheibriados.
  4339 | D:5      | Noticed Edmund
  4348 | D:5      | Killed Edmund
  4349 | D:5      | Reached skill level 5 in Axes
  4763 | D:6      | Reached skill level 5 in Fighting
  4763 | D:6      | Reached skill level 5 in Armour
  4763 | D:6      | Reached XP level 8. HP: 49/49 MP: 8/8
  4957 | D:6      | Reached skill level 6 in Axes
  5038 | D:6      | Noticed Blork the orc
  5049 | D:6      | Killed Blork the orc
  5232 | D:6      | Noticed Pikel
  5252 | D:6      | Killed Pikel
  5253 | D:6      | Reached skill level 7 in Axes
  5253 | D:6      | Reached XP level 9. HP: 28/55 MP: 3/9
  5672 | D:7      | Noticed Duvessa
  5672 | D:7      | Noticed Dowan
  5814 | D:7      | Killed Duvessa
  5819 | D:7      | Killed Dowan
  5832 | D:7      | Found a staircase to the Ecumenical Temple.
  5841 | Temple   | Entered the Ecumenical Temple
  6077 | D:7      | Noticed Joseph
  6098 | D:7      | Killed Joseph
  6099 | D:7      | Reached skill level 8 in Axes
  6099 | D:7      | Reached skill level 5 in Shields
  6167 | D:7      | Found Dophe's Magic Scroll Shoppe.
  6283 | D:7      | Found an iron altar of Okawaru.
  6293 | D:7      | Found Cogep's Magic Scroll Shop.
  6295 | D:7      | Became a worshipper of Warmaster Okawaru
  6340 | D:7      | Bought a scroll of brand weapon for 280 gold pieces
  6346 | D:7      | Found Yxobb's Weapon Shop.
  6395 | D:7      | Found Plog's Weapon Shoppe.
  6652 | D:8      | Reached skill level 1 in Invocations
  6656 | D:8      | Reached skill level 5 in Evocations
  6694 | D:8      | Reached XP level 10. HP: 52/61 MP: 8/11
  6734 | D:8      | Reached * piety under Okawaru
  7016 | D:8      | Reached skill level 9 in Axes
  7884 | D:9      | Reached ** piety under Okawaru
  7944 | D:9      | Found a broken altar of Ashenzari.
  8292 | D:9      | Found a staircase to the Lair.
  8463 | D:9      | Found the +2 cloak of the Thief {*Fog Slay-2 SInv Stlth+}
  8575 | D:9      | Found an opulent altar of Gozag.
  8576 | D:9      | Found a sparkling altar of Nemelex Xobeh.
  8803 | Lair:1   | Entered Level 1 of the Lair of Beasts
  8919 | Lair:1   | Found a blossoming altar of Fedhas.
  8921 | Lair:1   | Noticed an oklob plant
  8976 | Lair:1   | Noticed a cane toad
  8981 | Lair:1   | Killed a cane toad
  8981 | Lair:1   | Reached *** piety under Okawaru
  8982 | Lair:1   | Reached skill level 10 in Axes
  8982 | Lair:1   | Reached XP level 11. HP: 68/68 MP: 14/14
  9382 | Lair:1   | Noticed Fannar
  9416 | Lair:1   | Killed Fannar
  9416 | Lair:1   | Reached **** piety under Okawaru
  9625 | Lair:1   | Reached skill level 5 in Invocations
  9857 | Lair:1   | Noticed a seven-headed hydra
  9870 | Lair:1   | Killed a one-headed hydra
 10294 | Lair:1   | Reached skill level 11 in Axes
 10340 | Lair:1   | HP: 3/69 [komodo dragon (8)]
 10341 | Lair:1   | Slain by a komodo dragon

Illustrated notes

Levels and vault maps discovered:
D:1:      lemuel_arrival_hallway, layout_basic
D:2:      layout_loops_ring, serial_shops, nicolae_square_shop, uniq_robin
D:3:      layout_rooms, nicolae_sif_muna_little_library,
          nicolae_wu_jian_glorious_leap,
          dreamdust_ecumenical_altar_drowned_temple, guppyfry_early_lair_pool
D:4:      layout_cave_pods, nicolae_dithmenos_the_darkroom,
          gammafunk_temple_overflow_elements, mainiacjoe_overflow_boulevard,
          serial_bayou_crossing, uniq_crazy_yiuf_cottage
D:5:      layout_rooms, slow_altar_2, uniq_edmund
D:6:      layout_basic, uniq_pikel, uniq_blork_the_orc
D:7:      layout_rooms, lemuel_doored_altar, minmay_temple_entry_ruins,
          serial_shops, nicolae_shop_trees, shop,
          nicolae_shop_bloodbath_and_beyond,
          nicolae_shop_competitors_out_of_business, uniq_joseph, uniq_duvessa
D:8:      layout_layer_cave, corner_web_ring
D:9:      layout_basic, grunt_temple_overflow_opulence, lemuel_round_altar,
          grunt_lair_entry_orc_guard_hut
Temple:   pf_slime_end_temple
Lair:1:   cheibrodos_lair_river_kwai, layout_cave_pods, hangedman_tree_tricks,
          uniq_fannar
Lair:2:   nzn_winding_woodlands_large [nzn_winding_woodlands_hourglass,
          nzn_winding_woodlands_5x15_crooked, nzn_winding_woodlands_5x5_three,
          nzn_winding_woodlands_center_diamonds,
          nzn_winding_woodlands_15x15_eel_pit,
          nzn_winding_woodlands_center_garden,
          nzn_winding_woodlands_5x5_closed_star,
          nzn_winding_woodlands_5x15_jagged,
          nzn_winding_woodlands_5x5_checkerboard], layout_cave_pods,
          nicolae_spider_entry_tight_spaces, gammafunk_ghost_grave,
          fungi_pond_lemuel, uniq_sonja

Skill      XL: |  1  2  3  4  5  6  7  8  9 10 11 |
---------------+----------------------------------+-----
Axes           | 2 3 4 5 7 8 10 11 | 11.0
Fighting       | 4 5 6 7 8 |  8.3
Armour         | 4 5 6 7 |  7.9
Evocations     | 1 2 4 5 6 |  6.7
Shields        | 4 5 6 |  6.1
Invocations    | 1 4 5 |  5.4

Action                   |  1- 3 |  4- 6 |  7- 9 | 10-12 || total
-------------------------+-------+-------+-------+-------++-------
Melee: War axe           |    98 |   172 |   258 |   376 ||   904
Invok: Heroism           |       |       |       |     1 ||     1
  Use: Scroll            |     2 |    14 |     5 |     2 ||    23
       Potion            |       |       |     1 |     4 ||     5
Armor: Scale mail        |    77 |       |       |       ||    77
       Chain mail        |     9 |   133 |   240 |    29 ||   411
       Plate armour      |       |       |       |   287 ||   287
Dodge: Dodged            |    75 |    65 |    97 |   112 ||   349
Block: Buckler           |    34 |    41 |    50 |    99 ||   224

Table legend: (Time is in decaauts)
 A = Elapsed time spent in this place.
 B = Non-inter-level travel time spent in this place.
 C = Inter-level travel time spent in this place.
 D = Time resting spent in this place.
 E = Time spent auto-exploring this place.
 F = Levels seen in this place.
 G = Mean time per level.
                   A        B        C        D        E       F      G
               +--------+--------+--------+--------+--------+-----+--------+
         Total |  10553 |   9911 |    642 |   1419 |   6438 |  12 |  879.4 |
       Dungeon |   8847 |   8283 |    564 |    945 |   5542 |   9 |  983.0 |
        Temple |    154 |    133 |     21 |      0 |    116 |   1 |  154.0 |
          Lair |   1551 |   1494 |     57 |    474 |    779 |   2 |  775.5 |
               +--------+--------+--------+--------+--------+-----+--------+

Top non-repeatable levels by time:
  Lair:1: 1544 daAuts
     D:6: 1431 daAuts
     D:8: 1316 daAuts
     D:4: 1280 daAuts
     D:2: 1151 daAuts
     D:9: 984 daAuts
     D:1: 916 daAuts
     D:3: 623 daAuts
     D:7: 583 daAuts
     D:5: 558 daAuts
  Temple: 154 daAuts
  Lair:2: 7 daAuts
